[Event "7th Sharjah Masters 2024"]
[Site "Sharjah"]
[Date "2024.05.15"]
[Round "2.35"]
[White "Madaminov, Mukhiddin"]
[Black "Gupta, Abhijeet"]
[Result "1/2-1/2"]
[ECO "C79"]
[WhiteElo "2506"]
[BlackElo "2604"]
[Annotator "TA"]
[PlyCount "110"]
[EventDate "2024.05.13"]
[EventType "swiss"]
[EventCountry "UAE"]
[SourceTitle "playchess.com"]
[Source "ChessBase"]
[SourceQuality "1"]
[TimeControl "5400+30"]

1. e4 e5 2. Nf3 Nc6 3. Bb5 a6 4. Ba4 Nf6 5. O-O d6 6. c3 Bd7 7. d4 g6 8. Re1 Bg7 9. h3 {[%emt 0:00:44] C79: Ruy Lopez: Steinitz-type lines with 3...a6 4 Ba4 Nf6 5 0-0 d6.} O-O 10. Bc2 Nh5 11. a4 Qe8 12. Na3 f5 13. Nc4 fxe4 14. Bxe4 Qf7 15. dxe5 Be6 16. Bxc6 bxc6 17. Na5 Bd5 18. Ra3 Bxf3 19. Qxf3 Qxf3 20. gxf3 Bxe5 21. Nxc6 Bf4 22. Be3 Bxe3 23. Rxe3 Nf4 24. Rb3 Nxh3+ 25. Kf1 $146 ({Predecessor:} 25. Kh2 Nf4 26. Rb7 Kh8 27. c4 Rf5 28. Re7 Raf8 29. Rbxc7 Rh5+ 30. Kg1 Rg5+ 31. Kf1 {0-1 Shirov,A (2668)-Sambuev,B (2462) Casablanca Mohammed op 4th 2023 (3)}) 25... Nf4 26. Rb7 Rf7 27. Re7 Rxe7 $1 28. Nxe7+ Kf7 29. Rxc7 Ne6 $1 30. Rc8 Rxc8 31. Nxc8 d5 32. b4 Ke8 33. Nb6 d4 34. cxd4 Nxd4 35. Nd5 Kd7 36. Nf6+ Kd6 37. Nxh7 Nc6 38. b5 axb5 39. axb5 Ne7 40. Nf8 Kc5 41. Ke2 Kxb5 42. Kd3 Kc5 43. Ke4 Kc4 44. f4 Kc3 45. Ne6 Kd2 46. Nd4 Ke1 47. Kf3 Kd2 48. Ne6 Kd3 49. Nc5+ Kd4 50. Nd7 Kd3 51. Ne5+ Kd2 52. Kg4 Ke2 53. Kg5 Nd5 54. Nxg6 Nxf4 55. Nxf4+ Kxf2 1/2-1/2

[Event "7th Sharjah Masters 2024"]
[Site "Sharjah"]
[Date "2024.05.15"]
[Round "2.36"]
[White "Deac, Bogdan-Daniel"]
[Black "Bharath Subramaniyam H"]
[Result "1-0"]
[ECO "A13"]
[WhiteElo "2693"]
[BlackElo "2545"]
[Annotator "TA"]
[PlyCount "34"]
[EventDate "2024.05.13"]
[EventType "swiss"]
[EventCountry "UAE"]
[SourceTitle "playchess.com"]
[Source "ChessBase"]
[SourceQuality "1"]
[TimeControl "5400+30"]

1. c4 e6 2. g3 d5 3. Bg2 Nf6 4. Nf3 dxc4 5. Qa4+ Bd7 6. Qxc4 c5 7. Ne5 Qc8 8. Qd3 {[%emt 0:00:07] The position is equal.} Bc6 9. Nxc6 Nxc6 10. Nc3 a6 11. b3 Be7 12. Bb2 O-O 13. Rc1 Rd8 14. Qb1 Qd7 15. d3 b5 {[%emt 0:01:13] Prevents Na4.} 16. O-O Rac8 17. Rfd1 h5 {[%emt 0:13:05][%mdl 32768] An uneventful encounter.   Weighted Error Value: White=0.00 (flawless) /Black=0.03 (flawless) .  OK:         	White=8     	Black=7     . Loss on time!?} 1-0

[Event "7th Sharjah Masters 2024"]
[Site "Sharjah"]
[Date "2024.05.15"]
[Round "2.37"]
[White "Yilmaz, Mustafa"]
[Black "Pranav Anand"]
[Result "1/2-1/2"]
[ECO "D35"]
[WhiteElo "2641"]
[BlackElo "2532"]
[Annotator "TA"]
[PlyCount "157"]
[EventDate "2024.05.13"]
[EventType "swiss"]
[EventCountry "UAE"]
[SourceTitle "playchess.com"]
[Source "ChessBase"]
[SourceQuality "1"]
[TimeControl "5400+30"]

1. d4 d5 2. c4 e6 3. Nc3 Nf6 4. cxd5 exd5 5. Bg5 Bb4 6. e3 h6 7. Bh4 g5 8. Bg3 h5 9. Qb3 (9. h4 {seems wilder.} Ne4 10. Nge2 Bg4 11. Qb3) 9... Bxc3+ {[%emt 0:02:05] White is slightly better.} 10. Qxc3 Nc6 11. f3 {[%emt 0:03:13] Against Ne4} (11. Bb5 $14) 11... h4 $11 12. Bf2 Qe7 13. h3 Bd7 14. Bd3 Nh5 15. Ne2 f5 16. a3 O-O-O 17. Rc1 Ng3 18. Nxg3 hxg3 19. Bxg3 Qxe3+ 20. Be2 Qe7 {[%emt 0:06:09] White must now prevent ...f4.} (20... Qxd4 $2 21. Qxd4 Nxd4 22. Rxc7+ Kb8 23. Rxd7+ $18) 21. Be5 {[%emt 0:09:10] [#] Threatens to win with b4.} Rh6 22. Bb5 g4 23. Bxc6 Bxc6 24. Qe3 Qh7 25. Kd2 gxh3 26. Rxh3 Rxh3 27. gxh3 Qxh3 28. Rg1 Qh5 {[%emt 0:07:14] Black is weak on the dark squares} (28... b6 $11) 29. Rg7 ({Better is} 29. Qf4 $1 $14) 29... Rd7 {[%emt 0:01:33] The position is equal.} 30. Rg8+ Rd8 31. Rg7 Rd7 32. Rg5 Qh7 33. Qf4 Rf7 34. Qg3 {[%emt 0:00:06] [#] Hoping for Rg8+.} Qh6 35. Bf4 {[%emt 0:00:55] White threatens Rg8+ and mate.} Qf6 36. Rg8+ Rf8 37. Rxf8+ (37. Bxc7 $2 {is the wrong capture.} Qxd4+ 38. Kc2 Rxg8 39. Qxg8+ Kxc7 $19) 37... Qxf8 38. Bxc7 {[%emt 0:00:09][%mdl 4096] Endgame. KQB-KQB} b6 39. Bf4 Qf7 40. Qg5 Kb7 41. Qd8 Qd7 42. Qb8+ Ka6 43. b3 Qg7 44. Qc8+ Bb7 45. Qc3 Qg2+ 46. Kc1 Qf1+ 47. Kc2 Qe2+ 48. Bd2 Qb5 49. Kb2 Qe2 50. Kc1 Qf1+ 51. Kb2 Qe2 52. Kc2 Qb5 53. Qe3 Bc8 54. Qe5 (54. Qd3 {simplifies} Qxd3+ 55. Kxd3 Bd7 56. a4) 54... Qc6+ 55. Kb2 Kb7 56. Bf4 a5 57. a4 Ka6 58. Qe2+ Ka7 59. Qe7+ Qd7 60. Qf8 Qe6 61. Be5 Qd7 62. Kc3 Qc6+ 63. Kd2 Ka6 64. Bd6 Bb7 65. Qe7 Bc8 66. Qd8 Qd7 67. Qf8 (67. Qxd7 {simplifies} Bxd7 68. Ke3 Be8 69. Kf4) 67... Qc6 68. Be5 Bd7 69. Qd8 Qc8 70. Qe7 (70. Qxc8+ {simplifies} Bxc8 71. Ke3 Bd7 72. Kf4) 70... Qc6 71. Bf4 {[%emt 0:00:29] Active counter play!} Bc8 72. Bd6 Qd7 73. Qe2+ (73. Qxd7 {simplifies} Bxd7 74. Ke3 Be8 75. Kf4) 73... Ka7 74. Bf4 (74. Qe5 {looks sharper.} Qc6 75. Bb8+ Ka8 76. Qd6) 74... Qe6 75. Be5 Qh6+ 76. Kc2 Ba6 77. Qf2 Qh3 78. Kb2 Qf1 79. Qxf1 {[%emt 0:00:47] Weighted Error Value: White=0.05 (flawless) /Black=0.04 (flawless) .  Mistake:       	White=2     	Black=1      Inaccurate:     	White=1     	Black=2      OK:         	White=27    	Black=41     Best:        	---       	Black=3} 1/2-1/2

[Event "7th Sharjah Masters 2024"]
[Site "Sharjah"]
[Date "2024.05.15"]
[Round "2.38"]
[White "Raja Rithvik R"]
[Black "Mendonca, Leon Luke"]
[Result "1/2-1/2"]
[ECO "A13"]
[WhiteElo "2524"]
[BlackElo "2640"]
[Annotator "TA"]
[PlyCount "55"]
[EventDate "2024.05.13"]
[EventType "swiss"]
[EventCountry "UAE"]
[SourceTitle "playchess.com"]
[Source "ChessBase"]
[SourceQuality "1"]
[TimeControl "5400+30"]

1. c4 Nf6 2. g3 e6 3. Bg2 d5 4. Nf3 d4 5. O-O c5 6. e3 Nc6 7. exd4 cxd4 8. d3 Bd6 9. Bg5 h6 10. Bxf6 gxf6 (10... Qxf6 $11 11. Nbd2 Qe7) 11. Nbd2 Kf8 12. a3 a5 13. Rc1 f5 (13... h5 $11 {keeps the balance.}) 14. c5 $16 Bc7 15. Re1 Qf6 16. Nc4 Kg7 17. Nfd2 Ra6 18. Nd6 Bxd6 19. cxd6 Rd8 20. Rc5 Rxd6 {[%emt 0:09:40] [#]} 21. b4 $1 axb4 22. axb4 {[%emt 0:00:05] Threatens to win with b5.} Ra8 23. Nc4 Rd8 24. b5 Ne7 25. Rc7 {[%emt 0:08:44] White is much more active.} ({Better is} 25. Qc1 $16 {And now Nb6 would win.} f4 26. Rc7 (26. Qxf4 Qxf4 27. gxf4 Ng6 $16) (26. gxf4 Ng6 $14)) 25... Rd7 $1 $11 26. Rxd7 Bxd7 27. Nb6 Rd8 28. Qa4 {[%emt 0:01:54] Weighted Error Value: White=0.09 (flawless) /Black=0.12 (very precise) .  Mistake:       	White=1     	Black=2      Inaccurate:     	White=1     	Black=1      OK:         	White=10    	Black=11     Best:        	---       	Black=1      Strong:       	---       	Black=1} 1/2-1/2

[Event "7th Sharjah Masters 2024"]
[Site "Sharjah"]
[Date "2024.05.15"]
[Round "2.39"]
[White "Idani, Pouya"]
[Black "Yilmazyerli, Mert"]
[Result "1/2-1/2"]
[ECO "A50"]
[WhiteElo "2605"]
[BlackElo "2522"]
[Annotator "TA"]
[PlyCount "26"]
[EventDate "2024.05.13"]
[EventType "swiss"]
[EventCountry "UAE"]
[SourceTitle "playchess.com"]
[Source "ChessBase"]
[SourceQuality "1"]
[TimeControl "5400+30"]

1. d4 Nf6 2. c4 e6 3. Bf4 d5 4. cxd5 Nxd5 5. Bg3 Nf6 6. Nc3 c5 7. dxc5 Qxd1+ 8. Rxd1 {[%emt 0:00:36] The position is equal.} Bxc5 9. e4 Nc6 10. a3 Bd7 11. h3 Nd4 12. Be2 Bc6 13. b4 {[%emt 0:08:40] [#]} Bd7 $2 {[%emt 0:00:00][%mdl 40960] Weighted Error Value: White=0.11 (very precise) /Black=0.02 (flawless) .  Loses game:     	---       	Black=1      Inaccurate:     	White=2     	---        OK:         	White=2     	Black=4     . An unexpected result.} 1/2-1/2

[Event "7th Sharjah Masters 2024"]
[Site "Sharjah"]
[Date "2024.05.15"]
[Round "2.40"]
[White "Jumabayev, Rinat"]
[Black "Klimkowski, Jan"]
[Result "1/2-1/2"]
[ECO "C60"]
[WhiteElo "2597"]
[BlackElo "2518"]
[Annotator "RC"]
[PlyCount "79"]
[EventDate "2024.05.13"]
[EventType "swiss"]
[EventCountry "UAE"]
[SourceTitle "playchess.com"]
[Source "ChessBase"]
[SourceQuality "1"]
[TimeControl "5400+30"]

1. e4 e5 2. Nf3 Nc6 3. Bb5 a6 4. Ba4 Nge7 5. O-O Ng6 6. c3 d5 7. d3 Be7 8. Re1 O-O 9. Nbd2 Be6 10. Nf1 b5 11. Bb3 Na5 12. Bxd5 Bxd5 13. exd5 Qxd5 14. d4 exd4 15. Ne3 Qd7 16. Qxd4 Rfd8 17. Qxd7 Rxd7 18. Nf5 Bf8 19. Kf1 Rad8 20. h3 c5 21. Ng3 Rd5 22. Ne2 Bd6 23. b3 f6 24. Be3 Kf7 25. Red1 Be7 26. Rxd5 Rxd5 27. Ke1 Ke6 28. Rc1 Bd6 29. Rc2 h6 30. c4 bxc4 31. bxc4 Rd3 32. Bd2 Nc6 33. Nc1 Ra3 34. Nb3 Ra4 35. Ke2 Nge5 36. Nxe5 Nxe5 37. Be3 Nxc4 38. Bxc5 Kd5 39. Bxd6 Kxd6 40. Nd4 1/2-1/2

[Event "7th Sharjah Masters 2024"]
[Site "Sharjah"]
[Date "2024.05.15"]
[Round "2.41"]
[White "Safarli, Eltaj"]
[Black "Samant Aditya S"]
[Result "1-0"]
[ECO "B10"]
[WhiteElo "2597"]
[BlackElo "2501"]
[Annotator "TA"]
[PlyCount "79"]
[EventDate "2024.05.13"]
[EventType "swiss"]
[EventCountry "UAE"]
[SourceTitle "playchess.com"]
[Source "ChessBase"]
[SourceQuality "1"]
[TimeControl "5400+30"]

1. e4 c6 2. Nf3 d5 3. d3 dxe4 4. dxe4 Qxd1+ 5. Kxd1 Nf6 6. Nbd2 {[%emt 0:00:22] B10: Caro-Kann: 2 d3 and 2 c4.} g6 7. Ne5 Bh6 8. Bc4 O-O 9. f3 b5 $146 ({Predecessor:} 9... Nbd7 10. Nd3 Rd8 11. a4 Nf8 12. Ke2 Be6 13. Bxe6 Nxe6 14. Nb3 Bxc1 15. Rhxc1 Ne8 {0-1 Bartel,M (2609)-Svane,R (2620) Titled Tuesday intern op 21st Mar Late blitz 2023 (4)}) 10. Be2 Rd8 11. a4 b4 12. Bc4 e6 13. a5 Nfd7 14. Nd3 c5 15. Bb5 Bxd2 16. Bxd2 Ba6 17. Bxa6 Nxa6 18. Ke2 f6 19. g4 Rab8 20. g5 f5 (20... c4 21. Nf2 f5 22. Rad1 $15) 21. Bf4 c4 22. Ne5 Nxe5 23. Bxe5 Rb7 ({Black should play} 23... Rb5 $14 24. Bf6 Rd7) 24. Rhd1 $16 Rbd7 (24... Rc8 $16 {might work better.} 25. Rd4 c3) 25. Rxd7 $18 Rxd7 {[%emt 0:00:02] [#]} 26. Rd1 $1 Rxd1 27. Kxd1 Kf7 28. Kd2 fxe4 (28... Ke7 $142 29. Ke3 fxe4 30. fxe4 (30. Kxe4 b3 $16) 30... c3) 29. fxe4 $18 Nc5 30. Ke3 b3 (30... Nb7 {keeps fighting.}) 31. cxb3 $18 Nxb3 $2 (31... cxb3 32. Bd4 Na6) 32. a6 $18 Ke7 $2 (32... c3 33. Bxc3 Nc5) 33. Bd4 $18 Kd7 34. Bxa7 Kc6 35. Kf4 Kb5 36. Be3 Kxa6 37. Ke5 Kb5 38. Kxe6 Na1 39. Kd5 Nc2 40. Bd2 1-0

[Event "7th Sharjah Masters 2024"]
[Site "Sharjah"]
[Date "2024.05.15"]
[Round "2.42"]
[White "Pranav, V."]
[Black "Suleymenov, Alisher"]
[Result "1-0"]
[ECO "B77"]
[WhiteElo "2587"]
[BlackElo "2501"]
[Annotator "TA"]
[PlyCount "69"]
[EventDate "2024.05.13"]
[EventType "swiss"]
[EventCountry "UAE"]
[SourceTitle "playchess.com"]
[Source "ChessBase"]
[SourceQuality "1"]
[TimeControl "5400+30"]

1. e4 c5 2. Nf3 Nc6 3. Nc3 g6 4. d4 cxd4 5. Nxd4 Bg7 6. Be3 Nf6 7. Bc4 O-O 8. Bb3 a5 9. f3 Nxd4 10. Bxd4 d6 11. Qd2 Bd7 12. a4 Bc6 13. h4 Qe8 (13... h6 $142) 14. g4 {[%emt 0:00:30][%cal Bg2g4,Bg4g5][%mdl 32] White is much more active.} e5 (14... h6 $16 {is a better defense.}) 15. Be3 $18 {[%emt 0:00:30][%cal Oh4h5] And now h5! would win.} d5 16. exd5 Bd7 17. h5 e4 18. h6 Bh8 19. g5 Nh5 20. O-O-O b5 (20... Rc8 {was worth a try.} 21. Bd4 (21. Nxe4 Bxa4 22. Kb1 Bxb3 $18) (21. fxe4 Bxc3 22. bxc3 Qxe4 $18) 21... e3 22. Qxe3 Qxe3+ 23. Bxe3 Bf5) 21. Nxe4 (21. fxe4 bxa4 22. Bxa4 Bxa4 $16) 21... bxa4 {[%emt 0:00:30] Black is weak on the dark squares} 22. Ba2 Bf5 23. Bd4 {[%emt 0:00:30] [#] Strongly threatening Bxh8.} Bxe4 24. fxe4 Be5 25. Kb1 Rb8 26. Bxe5 ({Weaker is} 26. Qxa5 Bxd4 27. Rxd4 Qe5 28. Qxa4 (28. Rxa4 $2 Qxb2#) 28... Rfd8) 26... Qxe5 27. Qd4 (27. Qxa5 $2 Qxb2#) 27... Rfe8 28. d6 {[%emt 0:00:30][%cal Bd5d6,Bd6d7][%mdl 32] [#] d7 is the strong threat.} (28. Qxa4 $2 Qxb2#) 28... Ng3 29. Rhe1 Rbd8 30. Qa7 Rf8 31. Qe7 Qf4 32. d7 a3 33. Qxa3 {[%emt 0:00:30] aiming for Qc3.} Rb8 34. Qc3 Nh5 35. e5 {[%emt 0:00:30] White took control after the opening.   Weighted Error Value: White=0.44/Black=1.03.  Mistake:       	---       	Black=3      Inaccurate:     	White=1     	Black=4      OK:         	White=9     	Black=7      Best:        	White=2     	Black=1} 1-0

[Event "7th Sharjah Masters 2024"]
[Site "Sharjah"]
[Date "2024.05.15"]
[Round "2.43"]
[White "Peralta, Fernando"]
[Black "Seemann, Jakub"]
[Result "1/2-1/2"]
[ECO "E52"]
[WhiteElo "2575"]
[BlackElo "2475"]
[Annotator "TA"]
[PlyCount "49"]
[EventDate "2024.05.13"]
[EventType "swiss"]
[EventCountry "UAE"]
[SourceTitle "playchess.com"]
[Source "ChessBase"]
[SourceQuality "1"]
[TimeControl "5400+30"]

1. d4 Nf6 2. c4 e6 3. Nc3 Bb4 4. e3 O-O 5. Bd2 d5 6. Nf3 b6 7. cxd5 exd5 8. Bd3 Bb7 9. Rc1 Be7 10. O-O c5 11. Ne5 Bd6 12. Nb5 Be7 13. Be1 Nc6 14. Nxc6 Bxc6 15. dxc5 bxc5 16. Nd4 cxd4 17. Rxc6 dxe3 18. fxe3 Rc8 19. Rxc8 Qxc8 20. Bc3 Qe6 21. Bd4 {[%emt 0:00:30][%cal Od1a4] This pair of bishops is nice.} Ne4 22. Bxa7 Ra8 23. Qb3 {[%emt 0:00:30] The position is equal.} Nd2 24. Qb7 Rxa7 25. Qxa7 {[%emt 0:00:30] A rather calm draw.   Weighted Error Value: White=0.05 (flawless) /Black=0.05 (flawless) .  Inaccurate:     	White=1     	---        OK:         	White=11    	Black=6      Best:        	---       	Black=1} 1/2-1/2

[Event "7th Sharjah Masters 2024"]
[Site "Sharjah"]
[Date "2024.05.15"]
[Round "2.44"]
[White "Gholami Orimi, Mahdi"]
[Black "Dudin, Gleb"]
[Result "1-0"]
[ECO "E53"]
[WhiteElo "2470"]
[BlackElo "2554"]
[Annotator "TA"]
[PlyCount "31"]
[EventDate "2024.05.13"]
[EventType "swiss"]
[EventCountry "UAE"]
[SourceTitle "playchess.com"]
[Source "ChessBase"]
[SourceQuality "1"]
[TimeControl "5400+30"]

1. d4 Nf6 2. c4 e6 3. Nc3 Bb4 4. e3 O-O 5. Bd3 d5 6. a3 Bxc3+ 7. bxc3 dxc4 8. Bxc4 c5 9. Nf3 Qc7 10. Be2 Rd8 11. O-O b6 12. Bb2 Bb7 13. Re1 Nc6 14. c4 Ne7 15. Ne5 Nf5 16. Bd3 {[%emt 0:01:50] Weighted Error Value: White=0.00 (flawless) /Black=0.05 (flawless) .  OK:         	White=5     	Black=3} 1-0